Cogmind - Beta 16 @@@ ROGUE MODE // 2025.11.14 @ 02:12:42 Player: Scringis Result: Destroyed by HB-EDN(R) with Subdweller Machine Gun Performance ------------- Evolutions (0) 0 Regions Visited (2) 400 Robots Destroyed (16) 80 Value Destroyed (358) 358 Prototype IDs (0) 0 Alien Tech Used (0) 0 Bonus (0) 0 TOTAL SCORE: 838 Bonus ------- None Cogmind --------- Core Integrity 0/250 Matter 118/300 Energy 100/100 System Corruption 1% Temperature Cool (0) Movement Core (550) Ox10 Location -10/Subcaves Parts ------- > --- POWER (1) -------- (None) > --- PROPULSION (2) --- (None) > --- UTILITY (2) ------ Large Storage Unit Signal Interpreter > --- WEAPON (2) ------- Battle Cannon Subdweller Shrapnel Launcher > --- INVENTORY (15) --- Improved Heat Sink Large Storage Unit Targeting Computer Assault Rifle Light Assault Rifle Peak State ------------ > --- POWER ------------ Ion Engine > --- PROPULSION ------- Light Treads Light Treads > --- UTILITY ---------- Large Storage Unit Signal Interpreter > --- WEAPON ----------- Assault Rifle Flamer > --- INVENTORY -------- Improved Heat Sink Large Storage Unit Targeting Computer Assault Rifle Light Assault Rifle Battle Cannon Grenade Launcher Subdweller Shrapnel Launcher [Rating: 9] Favorites ----------- Power Light Ion Engine Engine Light Ion Engine Propulsion Light Treads Treads Light Treads Utility Large Storage Unit Storage Large Storage Unit Processor Signal Interpreter Weapon Assault Rifle Ballistic Gun Assault Rifle Ballistic Cannon Battle Cannon Launcher Subdweller Shrapnel Launcher Special Weapon Flamer Build | -11 -10 -10 ------- Run | Yrd Mat Sub Slots Evolved . | . . . Power . | . . . Propulsion . | . . . Utility . | . . . Weapon . | . . . Parts Attached 14 | 6 3 5 Power 2 | 1 . 1 Engine 2 | 1 . 1 Core . | . . . Reactor . | . . . Propulsion 2 | 2 . . Treads 2 | 2 . . Leg . | . . . Wheel . | . . . Hover . | . . . Flight . | . . . Utility 3 | 1 2 . Device . | . . . Storage 2 | 1 1 . Processor 1 | . 1 . Hackware . | . . . Protection . | . . . Artifact . | . . . Weapon 7 | 2 1 4 Energy Gun . | . . . Energy Cannon . | . . . Ballistic Gun 3 | 2 1 . Ballistic Cannon 1 | . . 1 Launcher 2 | . . 2 Special Weapon 1 | . . 1 Impact Weapon . | . . . Slashing Weapon . | . . . Piercing Weapon . | . . . Special Melee Weapon . | . . . Unidentified Prototypes . | . . . Parts Lost 8 | . . 8 Power 2 | . . 2 Propulsion 2 | . . 2 Utility . | . . . Weapon 4 | . . 4 Highest Loss Streak 6 | . . 6 To Critical Strikes . | . . . Average Backups 5 | 1 5 5 Power . | . 1 . Propulsion . | . . . Utility 2 | . 1 3 Weapon 2 | . 2 2 Tool/Special . | . . . Unused Backups 4 | . . 4 Power . | . . . Propulsion . | . . . Utility 3 | . . 3 Weapon 1 | . . 1 Tool/Special . | . . . Average Slot Usage (%) 77 | . 86 72 Engine 8 | . 14 5 Treads 15 | . 26 10 Storage 14 | . 14 14 Processor 10 | . 2 14 Ballistic Gun 14 | . 28 8 Ballistic Cannon 5 | . . 8 Launcher 5 | . . 8 Special Weapon 1 | . . 1 Peak Build Rating 9 | 6 7 9 Average Rating 6 | 4 6 6 On Entrance 4 | . 6 7 Avg Prop Armor Cover (%) . | . . . Naked Turns . | . . . Heaviest Build 31 | 12 27 31 Greatest Support 40 | 40 40 40 Greatest Overweight (x) 10 | . 1 10 Average Overweight (x) 1 | . . 3 Largest Inventory Capacity 15 | 8 15 15 Average Capacity 13 | 7 10 15 Most Carried 8 | 5 8 8 Average Carried 5 | 1 5 5 Final Capacity 15 | 8 15 15 Final Carried 7 | 2 7 5 Class Distribution -------------------- 100% | Mutant Dominant Class ---------------- Mutant | -10/Materials Mutant | -10/Subcaves Resources | -11 -10 -10 ----------- Run | Yrd Mat Sub Matter Collected 453 | 221 131 101 Remotely . | . . . Salvage Created 352 | . 251 101 Parts 34 | . 19 15 Haulers Intercepted . | . . . Recyclers Shooed . | . . . Parts Field Recycled . | . . . Retrieved Matter . | . . . Parts Self-Destructed 12 | . . 12 Prevented . | . . . Parts Restored . | . . . Kills | -11 -10 -10 ------- Run | Yrd Mat Sub Combat Hostiles Destroyed 13 | . 5 8 Guns 7 | . 5 2 Cannons 4 | . . 4 AOE 2 | . . 2 Classes Destroyed 5 | . 2 3 Builder 1 | . 1 . Turret 2 | . . 2 Swarmer 7 | . . 7 Grunt 5 | . 5 . Subdweller 1 | . . 1 Best Kill Streak 6 | . 3 6 Combat Bots Only 4 | . 2 4 Max Kills in Single Turn 2 | . 1 2 Gunslinging . | . . . Exploded 1 | . . 1 Melee . | . . . Uniques/NPCs Destroyed . | . . . Combat | -11 -10 -10 -------- Run | Yrd Mat Sub Hostile Shots Fired 152 | . 33 119 Missed 63 | . 10 53 Hits 89 | . 23 66 Projectile 89 | . 23 66 AOE 3 | . . 3 Damage Taken 1119 | . 271 848 Core 259 | . 10 249 Absorbed by Shields . | . . . Core Remaining (%) 100 | 100 . . Volleys Fired 43 | . 18 25 Largest 2 | . 2 2 Hottest 120 | . 40 120 Shots Fired 69 | . 37 32 Gun 45 | . 37 8 Cannon 15 | . . 15 Launcher 7 | . . 7 Special 2 | . . 2 Kinetic 61 | . 37 24 Thermal 2 | . . 2 Explosive 6 | . . 6 Electromagnetic . | . . . Robot Hit Streak 12 | . 12 4 Robot Miss Streak 2 | . 2 2 Penetration Max . | . . . Secondary Targets . | . . . Shots Hit Robots 50 | . 30 20 Core Hits 28 | . 13 15 Critical Kills . | . . . Critical Parts Destroyed 1 | . 1 . Critical Strikes 2 | . 1 1 Destroy 1 | . 1 . Blast 1 | . . 1 Melee Attacks . | . . . Impact . | . . . Slashing . | . . . Piercing . | . . . Sneak Attacks . | . . . Combat Hostiles . | . . . Follow-up Attacks . | . . . Damage Inflicted 1001 | . 407 594 Guns 490 | . 402 88 Cannons 170 | . . 170 Explosions 324 | . . 324 Melee . | . . . Ramming 5 | . 5 . Kinetic 759 | . 402 357 Thermal 12 | . . 12 Explosive 225 | . . 225 Electromagnetic . | . . . Impact . | . . . Slashing . | . . . Piercing . | . . . Highest Corruption 1 | . 1 1 Average Corruption 1 | . 1 1 Corruption Purged . | . . . Corruption Blocked . | . . . Effects 14 | . 5 9 Message Errors 1 | . 1 . Matter Fused 4 | . 1 3 Heat Flow Errors 1 | . . 1 Energy Discharges 1 | . . 1 Parts Rejected 1 | . 1 . Data Loss (minor) 3 | . 1 2 Data Loss (major) 2 | . . 2 Misfires 1 | . 1 . Overload Shots . | . . . Overflow Damage 22 | . . 22 Projectiles . | . . . Explosions 22 | . . 22 Melee . | . . . Knockbacks 1 | . . 1 Impact . | . . . Kinetic 1 | . . 1 Secondary . | . . . Self-Inflicted Damage 31 | . . 31 Shots 1 | . . 1 Rammed 1 | . 1 . Targets Rammed 1 | . 1 . Kicked . | . . . Crushed . | . . . Highest Temperature 121 | . 2 121 Average Temperature 19 | . 1 30 Received Heat Transfer 321 | . 147 174 Siege Activations . | . . . Martial Activations . | . . . Shielding Activations . | . . . Robots Disrupted . | . . . Combat Hostiles . | . . . Robots Corrupted . | . . . Combat Hostiles . | . . . Parts Fried . | . . . Impact Corruptions . | . . . Robots Melted . | . . . Combat Hostiles . | . . . Parts Melted . | . . . Heat Transferred 80 | . . 80 Parts Sabotaged . | . . . Parts Stolen . | . . . Parts Stripped . | . . . Power Chain Reactions . | . . . Alert | -11 -10 -10 ------- Run | Yrd Mat Sub Maximum Alert Level . | . . . Low Security (%) 100 | 100 100 . Level 1 . | . . . Level 2 . | . . . Level 3 . | . . . Level 4 . | . . . Level 5 . | . . . High Security . | . . . Max Security . | . . . Peak Influence 60 | . 60 . Initial . | . . . Average 10 | . 12 . Influence Increases 401 | . 151 250 Destroy 0b10 Robot/C 280 | . 100 180 Destroy 0b10 Robot/NC 5 | . 5 . Destroy Leader 40 | . 30 10 Destroy Structure 1 | . 1 . Lose Combat Pursuer 75 | . 15 60 Influence Decreases 401 | . 133 268 Entered New Map 10 | . . 10 Time Decay 331 | . 133 198 Lost Part 60 | . . 60 Squads Dispatched 2 | . 2 . Investigation 1 | . 1 . Extermination . | . . . Reinforcement 1 | . 1 . Assault . | . . . Garrison . | . . . Intercept . | . . . Searches Triggered . | . . . Construction Impeded . | . . . Haulers Reinforced . | . . . Active Scanning Responses . | . . . Cargo Convoy Interrupts . | . . . Stealth | -11 -10 -10 --------- Run | Yrd Mat Sub Distress Signals 2 | . 2 . Communications Jammed . | . . . Distress Signals . | . . . Times Spotted 26 | . 11 15 Peak Tracking Total 5 | . 4 5 Tactical Retreats 2 | . 1 1 Traps | -11 -10 -10 ------- Run | Yrd Mat Sub Traps Triggered 4 | . 2 2 Indirectly . | . . . Trap Hack Attempts . | . . . Triggered . | . . . Disarmed . | . . . Reprogrammed . | . . . Reused . | . . . Traps Extracted . | . . . Installed . | . . . Triggered . | . . . Machines | -11 -10 -10 ---------- Run | Yrd Mat Sub Machines Disabled 3 | . . 3 Max in Single Turn 3 | . . 3 Machines Repaired . | . . . Machines Dismantled . | . . . Machines Sabotaged . | . . . Overloaded Fab Kills . | . . . Hacking | -11 -10 -10 --------- Run | Yrd Mat Sub Machines Accessed 1 | . . 1 Terminals . | . . . Fabricators . | . . . Repair Stations . | . . . Recycling Units . | . . . Scanalyzers . | . . . Garrison Access . | . . . Total Hacks 4 | . . 4 Successful 4 | . . 4 Failed . | . . . Catastrophic . | . . . Database Lockouts . | . . . Manual . | . . . Terminals . | . . . Fabricators . | . . . Repair Stations . | . . . Recycling Units . | . . . Scanalyzers . | . . . Garrison Access . | . . . Terminal Hacks 4 | . . 4 Record 4 | . . 4 Fabricator Hacks . | . . . Repair Station Hacks . | . . . Recycling Unit Hacks . | . . . Scanalyzer . | . . . Garrison Access Hacks . | . . . Unauthorized Hacks . | . . . Terminals . | . . . Fabricators . | . . . Repair Stations . | . . . Recycling Units . | . . . Scanalyzers . | . . . Garrison Access . | . . . Data Cores Recovered . | . . . Used . | . . . Hacking Detections . | . . . Full Trace Events . | . . . Feedback Events . | . . . Feedback Blocked . | . . . Robot Schematics Acquired . | . . . Robots Built . | . . . Authchips . | . . . Time . | . . . Total Robot Build Rating . | . . . Part Schematics Acquired . | . . . Parts Built . | . . . Authchips . | . . . Time . | . . . Total Part Build Rating . | . . . Part Studies Acquired . | . . . Parts Repaired . | . . . Time . | . . . Parts Recycled . | . . . Recycled Matter . | . . . Retrieved Matter . | . . . Retrieved Components . | . . . Parts Scanalyzed . | . . . Part Schematics Acquired . | . . . Parts Damaged . | . . . Bothacking | -11 -10 -10 ------------ Run | Yrd Mat Sub Used RIF Installer . | . . . Robots Hacked . | . . . Non-combat . | . . . Combat . | . . . Robot Hacks Applied . | . . . Relay Couplers Released . | . . . Fabnet Peak Effective % . | . . . Robots Rewired . | . . . Allies Hacked . | . . . Hacks Repelled . | . . . Allies | -11 -10 -10 -------- Run | Yrd Mat Sub Total Allies . | . . . Largest Group . | . . . Highest-Rated Group . | . . . Highest-Rated Ally . | . . . Total Orders . | . . . Ally Attacks . | . . . Total Damage . | . . . Kills . | . . . Allies Corrupted . | . . . Allies Melted . | . . . Intel | -11 -10 -10 ------- Run | Yrd Mat Sub Active Infowar (turns) . | . . . Robot Analysis Total . | . . . Derelict Logs Recovered . | . . . Drone Launches . | . . . Drone Recoveries . | . . . Exploration | -11 -10 -10 ------------- Run | Yrd Mat Sub Turns Passed 1921 | 72 631 1218 Spaces Moved 771 | 46 329 396 Core 145 | 13 . 132 Treads 626 | 33 329 264 Legs . | . . . Wheels . | . . . Hover . | . . . Flight . | . . . Fastest Speed 50 | 50 160 160 Average Speed 227 | 128 165 290 Slowest Speed 550 | 160 240 550 Overloaded Moves . | . . . Propulsion Burnouts . | . . . Robots Hopped . | . . . Potential Cave-ins . | . . . Cave-ins Triggered . | . . . Exploration Rate (%) 31 | 4 51 39 Regions Visited 2 Branch Regions 1 Pre-discovered Areas . | . . . Known Exits Taken 1 | . 1 . Unknown Exits Taken 1 | 1 . . Scrap Searched . | . . . Spaces Dug . | . . . Terrain Destroyed 32 | . . 32 Melee . | . . . Projectile . | . . . AOE 32 | . . 32 Terrain Rammed . | . . . Walls Destroyed . | . . . Machines Disabled . | . . . Actions | -11 -10 -10 --------- Run | Yrd Mat Sub Total 867 | 59 378 430 Wait 18 | . 18 . Move 769 | 45 328 396 Hop . | . . . Pick Up 19 | 8 8 3 Fast Attach . | . . . Attach 14 | 6 3 5 Detach . | . . . Swap 2 | . 1 1 Drop 1 | . 1 . Fire 43 | . 18 25 Melee . | . . . Ram . | . . . Kick . | . . . Crush 1 | . 1 . Escape Stasis . | . . . Rewire . | . . . Trap . | . . . Miscellaneous . | . . . Route ------- -11/Scrapyard -10/Materials (discovered 3 exits: [*Mat] / *Min / *Sub) -10/Subcaves (discovered 2 exits: *Mat / *Rec) History --------- Turn | Location | Event 8 | -11/Scrapyard | Discovered new exit (range 14) 73 | -11/Scrapyard | Entered Materials 302 | -10/Materials | Build established: Mutant 345 | -10/Materials | Discovered new exit (range 16) 396 | -10/Materials | Discovered new exit (range 14) 667 | -10/Materials | Identified exit to Mines 696 | -10/Materials | Discovered new exit (range 6) 702 | -10/Materials | Identified exit to Subcaves 704 | -10/Materials | Entered Subcaves 705 | -10/Subcaves | Approached by a straggling Scientist 739 | -10/Subcaves | A swath of the cavern ceiling suddenly collapsed 772 | -10/Subcaves | A swath of the cavern ceiling suddenly collapsed 1065 | -10/Subcaves | Discovered new exit (range 14) 1086 | -10/Subcaves | Identified exit to Materials 1139 | -10/Subcaves | Discovered new exit (range 11) 1156 | -10/Subcaves | Core integrity fell below 50% 1193 | -10/Subcaves | Lost 6 parts (1p2n3w) 1233 | -10/Subcaves | Identified exit to Recycling 1349 | -10/Subcaves | Visited Clippyterm 1365 | -10/Subcaves | Learned Factory fabricator intel 1365 | -10/Subcaves | Learned Factory trap positions 1503 | -10/Subcaves | Core integrity fell below 20% 1914 | -10/Subcaves | Ambushed by Subdwellers from Twisted Machinery 1922 | -10/Subcaves | Destroyed by HB-EDN(R) with Subdweller Machine Gun Last Messages --------------- 01503_ S-10 Pest destroyed. 01507_ S-10 Pest knocked back. 01509_ Lgt. Ion Engine fries itself beyond repair. 01511_ S-10 Pest suffers critical hit (Blast). 01511_ Destroyed Lgt. Ion Engine. 01511_ S-10 Pest destroyed. 01512_ Subatomizers dissect the Flight Unit. 01519_ S-10 Pest destroyed. 01524_ Flight Unit fries itself beyond repair. 01537_ Acquired 13 matter. 01543_ Acquired 6 matter. 01554_ Acquired 1 matter. 01570_ Acquired 10 matter. 01576_ Acquired 9 matter. 01616_ UP-ZNK(u) tweaks Twisted Machinery. 01846_ System corrupted: Component data lost. 01914_ HB-EDN(R) emerges from the Twisted Machinery. Map ----- +----------------------------------------------------+ | ?????????????????????????????????????????????????? | | ?????????????????????????????????????????????????? | | ?????????????????????????????????????????????????? | | ?????????????????????????????????????????????????? | | ?????????????????????????????????????????????????? | | ?????????????????????????????????????????????????? | | ?????????????????????????????????????????????????? | | ?????????????????????????????????????????????????? | | ?????????????????????????????????????????????????? | | ?????????????????????????????????????????????????? | | ????????????????????#####????????????????????????? | | ??????????????????## #???????????????????????? | | ??????????? ?????# #???????????????????????? | | ??????????? ???? ##??????????????????????? | | ??????????? ????? ##?????????????????????? | | ??????????? ?????# ##????????????????????? | | ??????????? #????# #???###??#???????????? | | ???????????# ???## #???# ## ???????????? | | ??????????## ???# #### #??????????? | | ?????????## #???# ??????????? | | ?????????# #???# ???????????? | | ?????????# #???# ?????????????? | | ???????### #????# #???????????????? | | ??????## ###### #????????????????? | | ????## #????????????????? | | ????# @ #????????????????? | | ???## ##????????????????? | | ?## ## #?????????????????? | | ?# ## #???????????????? | | ## ## ## ?????????????? | | ### ### R ???????????? | | #?# ?# % R ??????????? | | ## #?# ### ### #??????????? | | ??# #?## ###?## #??? "???????????? | | ??# #??###????? #????#???????????? | | ??# ### #????????? ###????????????????? | | ?# #?# #????????? ##??????????????????? | | ## #?# #????????? ###???????????????????? | | #?# #????????##?????????????????????? | | #?## #??????????????????????????????? | | ##??# #??????????????????????????????? | | #???## #??????????????????????????????? | | ##????# ##??????????????????????????????? | | ##???? #???????????????????????????????? | | ###??# ##???????????????????????????????? | | ## #????#?????????????????????????????????? | | ?#""" ##?????????????????????????????????????? | | ?#""" ##????????????????????????????????????? | | ## ##""" ###??????????????????????????????????? | | ?## ##?????????????????????????????????? | +----------------------------------------------------+ Best States ------------- Heat Dissipation 25 Energy Generation 10 Energy Capacity 250 Matter Stores 300 Matter Capacity 300 Sight Range 16 Terrain Scan Density 10 Evasion (%) 50 Recoil Reduction 2 Item Schematics ----------------- None Robot Schematics ------------------ None Fabricated ------------ Nothing Repaired ---------- Nothing Studied --------- None Alien Tech Used ----------------- None Achievements -------------- None Challenges ------------ None Game ------ Seed ScatterArmoredThermoblaster Manual? 0 Play Time 00:09:25 Cumulative 45.4 hours Start 2025.11.14 @ 02:06:34 End 2025.11.14 @ 02:12:42 Sessions 1 Manual Loads 0 Difficulty Rogue Special Mode None Game No. 125 Rogue 125 Adventurer 0 Explorer 0 Win Type - Total 0 Types 0/0/0/0/0/0/0/0/0/0 Lore% 25 Gallery% 30 Achievement% 25 Wizard Run 0 Options --------- Layout 1 ASCII 0 Keyboard 0 Movement Numpad Keybinds 0 Fullscreen 2 Font 24/Smallcaps Map View 50x35 Zoom Use 0% Tactical HUD 1 Map Filters NONE Filters NONE Steam 1 RUN: 48cc6a34-68df-4ceb-82cd-ac87f6502117